 Dungeon Crawl Stone Soup version 0.30-a0-738-g116ff8c4af (webtiles) character file.

Game seed: 8488740637143554790

912 bmack86 the Chopper (level 7, -1/87 (93) HPs)
             Began as a Minotaur Fighter on Feb 4, 2023.
             Slain by an orc warrior
             ... wielding a +0 mace
              (3 damage)
             ... on level 6 of the Dungeon.
             The game lasted 00:11:31 (4061 turns).

bmack86 the Chopper (Minotaur Fighter)              Turns: 4061, Time: 00:11:32

HP:   -1/87 (93)    AC: 23    Str: 22    XL:     7   Next: 82%
MP:   6/6           EV:  2    Int:  5    God:
Gold: 301           SH:  9    Dex: 10    Spells: 6/6 levels left

rFire   . . .      SeeInvis .    a - +0 war axe
rCold   + . .      Faith    .    r - +0 kite shield
rNeg    . . .      Spirit   .    (body armour currently unavailable)
rPois   +          Reflect  .    (helmet currently unavailable)
rElec   .          Harm     .    (cloak currently unavailable)
rCorr   .          Rampage  .    (gloves currently unavailable)
Will    .....      NoTele   +    (boots currently unavailable)
Stlth   +                        (no amulet)
HPRegen 0.34/turn                f - ring of protection from cold
MPRegen 0.10/turn                (no ring)

@: lethally poisoned (-1 -> -10), tree-form, drained
A: stationary, stasis, torment immunity, boosted hp, (horns 2), (retaliatory
headbutt)
a: no special abilities


You were on level 6 of the Dungeon.
You were a tree.
You visited 1 branch of the dungeon, and saw 6 of its levels.

You collected 301 gold pieces.

Inventory:

Hand Weapons
 a - a +0 war axe (weapon)
Missiles
 b - 12 poisoned darts
 p - 11 boomerangs (quivered)
Armour
 j - a +0 cloak (melded)
 k - a +0 plate armour (melded)
 q - a +0 pair of gloves (melded)
 r - a +0 kite shield (worn)
Jewellery
 f - a ring of protection from cold (left branch)
 t - a ring of protection from cold
Scrolls
 d - a scroll of fog {unknown}
 e - 2 scrolls of identify
 g - a scroll of noise
 i - 2 scrolls of teleportation
 m - a scroll of torment {unknown}
 n - a scroll of enchant weapon {unknown}
 s - a scroll of enchant armour {unknown}
 u - a scroll of silence {unknown}
Potions
 c - 2 potions of brilliance
 h - 2 potions of mutation
 l - 2 potions of magic
 o - a potion of lignification


   Skills:
 + Level 5.6 Fighting
 * Level 6.9 Axes
 + Level 2.5 Throwing
 + Level 5.8 Armour
 + Level 5.8 Shields


You had 6 spell levels left.
You didn't know any spells.
Your spell library contained the following spells:

 Spells                   Type           Power      Damage    Failure   Level
 Sting                    Tmut/Pois      0%         1d3       82%         1
 Poisonous Vapours        Pois/Air       0%         N/A       91%         2
 Olgreb's Toxic Radiance  Pois           0%         N/A       100%        4


Dungeon Overview and Level Annotations

Branches:
Dungeon (6/15)
 Temple: D:4-7

Altars:
Elyvilon
Sif Muna
Uskayaw
Zin

Shops:
D:4 =   D:5 =

Annotations:
D:5 1 runed translucent door, Crazy Yiuf


Innate Abilities, Weirdness & Mutations

You are a tree.
Your roots penetrate the ground, keeping you stationary.
You cannot be teleported.
You are immune to unholy pain and torment.
Your maximum health is greatly increased.
Your equipment is partially melded.
((You have a pair of horns on your head.))
((You reflexively headbutt those who attack you in melee.))


Message History

The orc warrior hits you but does no damage.
You barely miss the orc warrior. You headbutt the orc warrior.
The orc warrior is severely wounded.
The orc wizard casts a spell.
The orc wizard flickers and vanishes!
Deactivating autopickup; reactivate with Ctrl-A.
The orc warrior hits you with a +0 mace.
* * * LOW HITPOINT WARNING * * *
You block the orc warrior's attack.
You hit the orc warrior but do no damage.
The orc warrior is severely wounded.
Really quaff the potion of lignification? [Y]es or [N]o only, please.
Really quaff the potion of lignification?
You turn into a tree.
Your +0 cloak melds into your body.
Your +0 pair of gloves melds into your body.
Your +0 plate armour melds into your body.
Your roots penetrate the ground.
You block the orc warrior's attack.
You hear some strange, mumbled words.
A puff of flame appears from out of thin air!
The puff of flame hits you but does no damage.
You hit the orc warrior but do no damage.
The orc warrior is severely wounded.
The orc warrior hits you but does no damage.
You closely miss the orc warrior.
The orc warrior is severely wounded.
You hit something.
You hear some strange, mumbled words.
A puff of flame appears from out of thin air!
The puff of flame hits you.
* * * LOW HITPOINT WARNING * * *
The orc warrior hits you with a +0 mace.
* * * LOW HITPOINT WARNING * * *
Something hits you but does no damage. You block the orc warrior's attack.
You hit the orc warrior but do no damage.
The orc warrior is severely wounded.
You barely miss something. Something hits you but does no damage.
You are lethally poisoned!
The orc warrior hits you with a +0 mace.
You die...

......... .
##.......# ..
#........#
#.#........#
#..........#
#..........#
#.....){...#
#.....o♣)..#
#.#####)#### # #.#
#.#####.#######
#...<##........
####....###########
.....................
###.......###########
#.......#


You could see an orc warrior.

Vanquished Creatures
  Duvessa (D:5)
  2 ogres (D:5)
  2 scorpions (D:5)
  A bullfrog (D:5)
  Dowan (D:5)
  4 orc priests
  2 iguanas
  Terence (D:3)
  2 orc wizards (D:3)
  5 adders
  An ufetubus (D:5)
  5 worms
  A dart slug (D:4)
  17 orcs
  2 ball pythons
  An endoplasm (D:1)
  5 giant cockroaches
  3 hobgoblins (D:1)
  10 jackals
  5 kobolds
  2 quokkas
  A bat (D:1)
  A frilled lizard (D:2)
  7 goblins
  8 rats
90 creatures vanquished.

Vanquished Creatures (others)
  7 plants (D:4)
7 creatures vanquished.

Grand Total: 97 creatures vanquished

Notes
Turn   | Place    | Note
-------+----------+-------------------------------------------
     0 | D:1      | bmack86 the Minotaur Fighter began the quest for the Orb.
     0 | D:1      | Reached XP level 1. HP: 19/19 MP: 0/0
   264 | D:1      | Reached XP level 2. HP: 27/27 MP: 1/1
   337 | D:1      | Reached skill level 3 in Axes
   928 | D:2      | Reached XP level 3. HP: 30/33 MP: 2/2
  1579 | D:3      | Noticed a +0 dagger
  1579 | D:3      | Noticed a +0 hand axe
  1586 | D:3      | Found a hide-covered altar of Uskayaw.
  1605 | D:3      | Noticed Terence
  1617 | D:3      | Killed Terence
  1618 | D:3      | Reached skill level 4 in Axes
  1618 | D:3      | Reached XP level 4. HP: 37/40 MP: 3/3
  2059 | D:3      | Reached XP level 5. HP: 24/47 MP: 4/4
  2198 | D:3      | You fall into a shaft and drop 2 floors!
  2198 | D:5      | Entered Level 5 of the Dungeon
  2232 | D:5      | Noticed an ogre
  2239 | D:5      | Killed an ogre
  2240 | D:5      | Reached skill level 5 in Axes
  2317 | D:5      | Reached XP level 6. HP: 44/53 MP: 5/5
  2414 | D:5      | Reached skill level 1 in Throwing
  2424 | D:5      | Reached skill level 5 in Fighting
  2424 | D:5      | Reached skill level 5 in Armour
  2424 | D:5      | Reached skill level 5 in Shields
  2789 | D:4      | Found a white marble altar of Elyvilon.
  2946 | D:4      | Found Focremaq's Jewellery Boutique.
  3153 | D:5      | Found a shimmering blue altar of Sif Muna.
  3217 | D:5      | Found a glowing silver altar of Zin.
  3217 | D:5      | Noticed an angel
  3263 | D:5      | Reached XP level 7. HP: 27/61 MP: 6/6
  3265 | D:5      | Reached skill level 6 in Axes
  3376 | D:5      | Found Gitiad's Jewellery Shoppe.
  3464 | D:5      | Noticed Duvessa
  3465 | D:5      | Noticed Dowan
  3473 | D:5      | Killed Duvessa
  3503 | D:5      | Killed Dowan
  3828 | D:5      | Found a runed translucent door.
  3829 | D:5      | Noticed Crazy Yiuf
  4060 | D:6      | HP: 3/87 [something/puff of flame (5)]
  4061 | D:6      | Slain by an orc warrior

Illustrated notes

Levels and vault maps discovered:
D:1:      dpeg_arrival_shrine, layout_loops_ring
D:2:      layout_loops_ring
D:3:      layout_basic, dancing_weapons_uskayaw, uniq_terence
D:4:      layout_rooms, nicolae_elyvilon_temple_path, serial_shops,
          nicolae_shop_behind_doors
D:5:      layout_loops_ring, zin_angel, overflow_temple_1_default, serial_shops,
          nicolae_square_shop, uniq_crazy_yiuf_cottage, uniq_duvessa
D:6:      layout_basic, minmay_temple_entry_stoned_glass,
          minmay_fractal_squares_diagonal_5

Skill      XL: |  1  2  3  4  5  6  7 |
---------------+----------------------+-----
Axes           | 3 4 5 6 |  6.9
Shields        | 4 5 |  5.8
Armour         | 4 5 |  5.8
Fighting       | 4 5 |  5.6
Throwing       | 1 2 |  2.5

Action                     |  1- 3 |  4- 6 |  7- 9 || total
---------------------------+-------+-------+-------++-------
  Melee: War axe           |    77 |   105 |    48 ||   230
         Headbutt          |    11 |    22 |     7 ||    40
  Throw: Boomerang         |       |     6 |       ||     6
    Use: Scroll            |     4 |       |     4 ||     8
         Potion            |       |     1 |     1 ||     2
 Armour: Scale mail        |     7 |       |       ||     7
         Plate armour      |    35 |    63 |    32 ||   130
         Skin              |       |       |     4 ||     4
  Dodge: Dodged            |    43 |    17 |    10 ||    70
  Block: Buckler           |    17 |     8 |       ||    25
         Kite shield       |       |    22 |    26 ||    48

Table legend: (Time is in decaauts)
 A = Elapsed time spent in this place.
 B = Non-inter-level travel time spent in this place.
 C = Inter-level travel time spent in this place.
 D = Time resting spent in this place.
 E = Time spent auto-exploring this place.
 F = Levels seen in this place.
 G = Mean time per level.
                   A        B        C        D        E       F      G
               +--------+--------+--------+--------+--------+-----+--------+
         Total |   4143 |   3982 |    161 |      0 |   2802 |   6 |  690.5 |
       Dungeon |   4143 |   3982 |    161 |      0 |   2802 |   6 |  690.5 |
               +--------+--------+--------+--------+--------+-----+--------+

Top non-repeatable levels by time:
     D:5: 1133 daAuts
     D:3: 1015 daAuts
     D:1: 705 daAuts
     D:2: 645 daAuts
     D:4: 592 daAuts
     D:6: 51 daAuts
